 Dungeon Sprint DCSS version bcrawl-1.17.3 (webtiles) character file.

Game seed: 15156753839421930624

118 Freyura the Skirmisher (level 5, -13/37 HPs)
             Began as a Gargoyle Fighter on Oct 20, 2019.
             Was an Initiate of Makhleb.
             Mangled by an orc warrior
             ... wielding a +0 halberd
              (14 damage)
             ... in the Dungeon (Sprint IX: "|||||||||||||||||||||||||||||").
             The game lasted 00:03:26 (324 turns).

Freyura the Skirmisher (Gargoyle Fighter)            Turns: 324, Time: 00:03:27

Health: -13/37     AC: 17    Str: 20    XL:     5   Next: 2%
Magic:  3/6        EV:  8    Int:  8    God:    Makhleb [......]
Gold:   0          SH:  0    Dex: 16    Spells: 4/4 levels left

rFire    . . .     SeeInvis .   p - +2 dire flail (crush)
rCold    . . .     Gourm    .   (shield currently unavailable)
rNeg     + . .     Faith    .   b - +1 chain mail
rPois    ∞         Spirit   .   c - +0 helmet
rElec    +         Reflect  .   a - +0 cloak
rCorr    .         Harm     .   (no gloves)
MR       .....     NoTele   +   (no boots)
Stlth    ..........             (no amulet)
HPRegen  0.12/turn              q - +3 ring of dexterity
MPRegen  0.10/turn              r - +3 ring of dexterity

@: no status effects
A: negative energy resistance 1, electricity resistance, unbreathing,
petrification resistance, rot immunity, AC +4
a: Renounce Religion


You were in the Dungeon.
You worshipped Makhleb.
Makhleb was noncommittal.
You were not hungry.

You visited 1 branch

Inventory:

Hand Weapons
 p - a +2 dire flail of crushing (weapon)
Armour
 a - a +0 cloak (worn)
 b - a +1 chain mail (worn)
 c - a +0 helmet (worn)
Jewellery
 q - a +3 ring of dexterity (left hand)
 r - a +3 ring of dexterity (right hand)
Wands
 o - a wand of acid (10)
Scrolls
 k - 2 scrolls of blinking
 m - 3 scrolls of remove curse
 n - 2 scrolls of amnesia
Potions
 d - a potion of might
 e - 5 potions of curing
 g - 3 potions of heal wounds
 h - a potion of haste
 i - 4 potions of magic
 j - a potion of berserk rage
 l - a potion of invisibility
Comestibles
 f - a ration {!d}


   Skills:
 * Level 6.4 Fighting
 * Level 5.0 Maces & Flails
 + Level 5.7 Armour
 + Level 1.8 Dodging
   Level 4.7 Shields
 + Level 2.4 Invocations


You had 4 spell levels left.
You didn't know any spells.
Your spell library was empty.

Dungeon Overview and Level Annotations

Branches:
Dungeon (1/1)

Altars:
Cheibriados
Dithmenos
Elyvilon
Fedhas
Gozag
Hepliaklqana
Kikubaaqudgha
Lugonu
Makhleb
Nemelex Xobeh
Okawaru
Qazlal
Ru
Sif Muna
Trog
Uskayaw
Vehumet
Wu Jian
Xom
Yredelemnul
Zin
The Shining One
Beogh
Jiyva


Innate Abilities, Weirdness & Mutations

You are resistant to torment.
Your stone body is resilient. (AC +4)
You are immune to poison.
You resist negative energy. (rN+)
You are resistant to electric shocks. (rElec)
You can survive without breathing.
You are immune to petrification.
You are immune to rotting.


Message History

The four-headed hydra bites you but does no damage.
The four-headed hydra bites you.
The four-headed hydra bites you but does no damage.
The four-headed hydra misses you. The orc warrior completely misses you.
You hit the four-headed hydra.
The four-headed hydra is lightly wounded.
The four-headed hydra barely misses you.
The four-headed hydra bites you. x3
* * * LOW HITPOINT WARNING * * *
The orc warrior barely misses you.
You completely miss the four-headed hydra.
The four-headed hydra is lightly wounded.
The four-headed hydra bites you but does no damage.
The four-headed hydra bites you.
* * * LOW HITPOINT WARNING * * *
The four-headed hydra closely misses you.
The four-headed hydra bites you!
* * * LOW HITPOINT WARNING * * *
The orc warrior hits you from afar with a +0 halberd!
You die... ▓▓▓▓▓▓▓▓▓▓▓▓▓▓▓▓▓▓▓▓▓▓▓▓ ______'..|[.....@DoyW..+ ▓▓▓▓▓▓▓▓▓▓▓▓▓▓▓▓▓▓▓▓▓▓▓▓

You could see a four-headed hydra, a hungry ghost, a hornet and an orc warrior.

Vanquished Creatures
  A centaur (D)
  A gnoll (D)
  An adder (D)
  A shadow imp (D)
  2 orcs (D)
  2 hobgoblins (D)
  A ball python (D)
  A ball python zombie (D)
  A frilled lizard (D)
  A rat (D)
12 creatures vanquished.

Notes
Turn   | Place    | Note
-------+----------+-------------------------------------------
     0 | D        | Freyura the Gargoyle Fighter began the quest for the Orb.
     0 | D        | Reached XP level 1. HP: 14/14 MP: 1/1
   116 | D        | Reached skill level 4 in Fighting
   116 | D        | Reached XP level 2. HP: 18/20 MP: 2/2
   147 | D        | Reached XP level 3. HP: 22/25 MP: 3/3
   151 | D        | Reached skill level 5 in Fighting
   228 | D        | Found a roughly hewn altar of Beogh.
   228 | D        | Found a snail-covered altar of Cheibriados.
   228 | D        | Found a shadowy altar of Dithmenos.
   228 | D        | Found a white marble altar of Elyvilon.
   228 | D        | Found a blossoming altar of Fedhas.
   228 | D        | Found an opulent altar of Gozag.
   229 | D        | Found a hazy altar of Hepliaklqana.
   230 | D        | Found a viscous altar of Jiyva.
   231 | D        | Found an ancient bone altar of Kikubaaqudgha.
   232 | D        | Found a corrupted altar of Lugonu.
   233 | D        | Found a burning altar of Makhleb.
   234 | D        | Found a sparkling altar of Nemelex Xobeh.
   235 | D        | Found an iron altar of Okawaru.
   236 | D        | Found a stormy altar of Qazlal.
   237 | D        | Found a sacrificial altar of Ru.
   238 | D        | Found a shimmering blue altar of Sif Muna.
   239 | D        | Found a bloodstained altar of Trog.
   240 | D        | Found a hide-covered altar of Uskayaw.
   241 | D        | Became a worshipper of Makhleb the Destroyer
   242 | D        | Found a radiant altar of Vehumet.
   243 | D        | Found an ornate altar of the Wu Jian Council.
   244 | D        | Found a shimmering altar of Xom.
   245 | D        | Found a basalt altar of Yredelemnul.
   246 | D        | Found a glowing silver altar of Zin.
   247 | D        | Found a glowing golden altar of the Shining One.
   310 | D        | Noticed a centaur
   310 | D        | Noticed an orc warrior
   310 | D        | Noticed a hornet
   310 | D        | Noticed a four-headed hydra
   310 | D        | Noticed a hungry ghost
   318 | D        | Killed a centaur
   318 | D        | Reached skill level 6 in Fighting
   318 | D        | Reached skill level 5 in Maces & Flails
   318 | D        | Reached skill level 5 in Armour
   318 | D        | Reached skill level 1 in Dodging
   318 | D        | Reached XP level 4. HP: 26/32 MP: 3/5
   318 | D        | Reached XP level 5. HP: 30/37 MP: 3/6
   324 | D        | HP: 1/37 [four-headed hydra (8)]
   324 | D        | Mangled by an orc warrior

Skill      XL: |  1  2  3 |
---------------+----------+-----
Fighting       | 4 6 |  6.4
Armour         | 4 5 |  5.7
Shields        | 4 |  4.7
Maces & Flails | 3 5 |  5.0
Dodging        | 1 |  1.8
Invocations    | 2 |  2.4

Action                   |  1- 3 |  4- 6 || total
-------------------------+-------+-------++-------
Melee: Flail             |    53 |       ||    53
       Dire flail        |     7 |     6 ||    13
Armor: Scale mail        |    14 |       ||    14
       Chain mail        |     8 |    11 ||    19
Dodge: Dodged            |    20 |     6 ||    26
Block: Shield            |    21 |       ||    21
